 Dungeon Crawl Stone Soup version 0.29.0-4-gdea44cf6ec (webtiles) character file.

Game seed: 1710899110278890270

85501 qw the Brawler (level 15, -5/146 HPs)
             Began as a Troll Cinder Acolyte on Sept 1, 2022.
             Was a High Priest of Okawaru.
             Shot with a bolt by an orc knight (23 damage)
             ... on level 2 of the Orcish Mines.
             The game lasted 00:12:30 (21995 turns).

qw the Brawler (Troll Cinder Acolyte)              Turns: 21995, Time: 00:12:30

Health: -5/146     AC: 18    Str: 42    XL:     15   Next: 38%
Magic:  12/12      EV: 10    Int: 10    God:    Okawaru [*****.]
Gold:   1144       SH: 11    Dex:  5    Spells: 16/16 levels left

rFire   . . .      SeeInvis +     - Unarmed
rCold   . . .      Faith    .   s - +1 kite shield "Ageeluod" {rElec MP-9 Str+4 SInv}
rNeg    + . .      Spirit   .   l - +5 steam dragon scales
rPois   +          Reflect  .   a - +1 hat {Will+}
rElec   +          Harm     .   b - +2 cloak
rCorr   +          Rampage  .   (gloves unavailable)
Will    ++...                   (boots unavailable)
Stlth   ++........              m - amulet of regeneration
HPRegen 1.94/turn               o - ring of Ulluamn {Fly rPois rN+ rCorr}
MPRegen 0.13/turn               g - +6 ring of strength

@: lethally poisoned (-5 -> -6), about to teleport, heroic, flying
A: large, unfitting armour, claws 3, regeneration 1, shaggy fur 1, tough skin 1
a: Renounce Religion, Heroism, Finesse, Duel


You were on level 2 of the Orcish Mines.
You worshipped Okawaru.
Okawaru was extremely pleased with you.
You visited 4 branches of the dungeon, and saw 23 of its levels.

You collected 1834 gold pieces.
You spent 690 gold pieces at shops.


Innate Abilities, Weirdness & Mutations

You are too large for most types of armour.
You have claws for hands.
Your natural rate of healing is unusually fast.
You are covered in fur. (AC +1)
You have tough skin. (AC +1)


   Skills:
 - Level 9.0(14.0) Fighting
 - Level 8.0(13.0) Throwing
 - Level 3.0(8.0) Armour
 - Level 4.3(9.3) Dodging
 + Level 7.3(12.3) Shields
 - Level 19.5(24.5) Unarmed Combat
 - Level 1.0 Spellcasting
 - Level 2.1 Fire Magic
 - Level 10.0 Invocations


You had 16 spell levels left.
You didn't know any spells.
Your spell library contained the following spells:

 Spells                   Type           Power      Damage    Failure   Level
 Scorch                   Fire           8%         2d5       34%         2

Inventory:

Missiles
 k - 13 large rocks (quivered)
 q - 18 boomerangs
 v - 2 boomerangs of dispersal
Armour
 a - a +1 hat of willpower (worn)
 b - a +2 cloak (worn)
 l - +5 steam dragon scales (worn)
 s - the +1 kite shield "Ageeluod" (worn) {rElec MP-9 Str+4 SInv}
   (Okawaru gifted it to you on level 14 of the Dungeon)

   Str:       It affects your strength (+4).
   rElec:     It insulates you from electricity.
   MP:        It affects your magic capacity (-9).
   SInv:      It lets you see invisible.
 t - +0 fire dragon scales
Jewellery
 g - a +6 ring of strength (right claw)
 m - an amulet of regeneration (around neck)
 o - the ring of Ulluamn (left claw) {Fly rPois rN+ rCorr}
   (You found it on level 11 of the Dungeon)

   [ring of flight]

   rPois:     It protects you from poison.
   rN:        It protects you from negative energy.
   Fly:       It grants you flight.
   rCorr:     It protects you from acid and corrosion.
 Y - a +6 ring of dexterity
Scrolls
 f - 7 scrolls of teleportation
 i - 11 scrolls of identify
 p - a scroll of brand weapon
 r - a scroll of enchant weapon
Potions
 c - 3 potions of cancellation
 d - 14 potions of heal wounds
 e - 6 potions of might
 h - 4 potions of haste
 j - 8 potions of curing
 n - 5 potions of mutation
 u - a potion of resistance

Dungeon Overview and Level Annotations

Branches:
Dungeon (15/15)            Temple (1/1) D:4            Lair (5/5) D:10
  Swamp (0/4) Lair:3        Snake (0/4) Lair:2        Slime (0/5) Lair:4
    Orc (2/2) D:10         Vaults (0/5) D:14         Depths (0/4) D:15
    Elf: Orc:2

Altars:
Fedhas
Gozag
Okawaru
Ru
Sif Muna
Trog
Uskayaw
Yredelemnul
Jiyva

Shops:
D:4 ![(=[   D:7 :   D:9 !   D:12 ?

Annotations:
D:9 2 runed translucent doors
Lair:3 3 runed translucent doors, qw's ghost, journeyman TrCA


Message History

The orc warrior hits you with a +0 great mace!
You eviscerate the orc warrior!!!
You kill the orc warrior!
Okawaru accepts your kill.
You feel sick.
You hear a shout!
The centaur unwields a +0 shortbow.
The centaur barely misses you.
The centaur kicks you but does no damage.
The orc warrior shoots a bolt.
The bolt barely misses you.
The orc knight shoots a bolt.
You block the bolt.
An orc comes into view. It is wielding a +0 arbalest.
The orc warrior barely misses you.
You hear a shout!
You miss the orc warrior.
A centaur comes into view.
The centaur barely misses you. x2
The centaur shouts!
You eviscerate the orc warrior!!!
You kill the orc warrior!
Okawaru accepts your kill.
You feel sick.
The orc knight shoots a bolt.
The bolt hits you!
The centaur wields a +0 shortbow.
The centaur shoots an arrow.
The arrow hits you but does no damage.
The orc warrior shoots a bolt.
The bolt misses you.
The orc shoots a bolt.
The bolt hits you. The centaur barely misses you. x2
You mangle the centaur!!
You kill the centaur!
Okawaru accepts your kill.
The centaur shoots an arrow.
The arrow hits you but does no damage.
The orc warrior shoots a bolt.
The bolt closely misses you.
The orc knight shoots a bolt.
The bolt hits you!
The orc shoots a bolt.
The bolt hits you!
You hear a shout!
21995 ||| READING 8 scrolls of teleportation.
As you read the scroll of teleportation, it crumbles to dust.
You feel strangely unstable.
You feel sick.
The centaur shoots an arrow.
The arrow closely misses you.
The orc warrior shoots a bolt.
The bolt hits you!
The orc knight shoots a bolt.
The bolt hits you!!
You die...

~~~~# ...~~~~###
.....~~~~## ..o.
..~~~# ~~ .....
o.~~# ~~o.
.##..##...###...#
.......))........
.....o)@.)....c.
#.....))......#....
..............#....
..........)..#....$
.......)...##......
####..$)$..........
.#.........$.....
........)....$....
..#.......<....#


You could see an orc knight, an orc warrior (strong), a centaur and an orc
(strong).

Vanquished Creatures
  Jorgrun (D:14)
  Agnes (D:15)
  A frost giant (D:15)
  Nessos (D:12)
  Azrael (D:15)
  Snorg (D:12)
  2 fire dragons
  Josephine (D:11)
  4 vault guards (D:14)
  3 hydras
  Erolcha (D:12)
  An ogre mage (D:14)
  6 two-headed ogres
  5 centaur warriors
  An orc high priest (Orc:1)
  2 tengu warriors (D:15)
  Sonja (D:10)
  5 skeletal warriors
  2 wizards
  A deep elf pyromancer (D:15)
  6 orc knights
  14 ugly things
  3 cyclopes (D:12)
  An orc sorcerer (Orc:1)
  6 manticores
  10 elephants
  7 black mambas
  12 cane toads
  Psyche (D:12)
  2 gargoyles
  2 unseen horrors (D:8)
  An efreet (D:8)
  3 rime drakes
  2 ice devils (Lair:3)
  7 komodo dragons
  2 yaktaurs
  9 polar bears
  10 trolls
  A queen bee (shapeshifter) (D:15)
  6 hornets
  6 slime creatures
  11 dream sheep
  Sigmund (D:7)
  36 yaks
  3 wraiths (D:11)
  13 spriggans (Lair:5)
  5 wyverns
  7 basilisks
  A human (D:14)
  16 fire elementals
  A vampire (D:9)
  2 steam dragons
  5 vampire mosquitoes
  4 acid dragons
  Edmund (D:7)
  A water moccasin (shapeshifter) (D:13)
  4 hell hounds (D:15)
  13 water moccasins
  5 black bears
  27 orc warriors
  An ice beast (D:7)
  32 wolves
  3 ogres
  4 boggarts (Lair:5)
  10 centaurs
  3 phantoms (D:5)
  3 kobold brigands
  18 bullfrogs
  A gnoll sergeant (Orc:1)
  A wyvern zombie (D:5)
  18 wights
  10 killer bees
  13 howler monkeys
  7 electric eels
  3 jellies
  2 hounds
  7 orc priests
  An iguana (D:6)
  A gnoll bouda (D:4)
  10 hell rats
  13 orc wizards
  A hound zombie (D:5)
  A hound skeleton (D:5)
  Robin (D:3)
  5 adders
  13 gnolls
  An ufetubus (D:7)
  5 dart slugs
  62 orcs
  9 endoplasms
  3 giant cockroaches (D:1)
  16 goblins
  8 hobgoblins
  2 jackals (D:5)
  24 kobolds
  4 quokkas
  7 ball pythons
  6 bats
  3 frilled lizards
  8 rats
648 creatures vanquished.

Vanquished Creatures (others)
  An orc wizard (D:12)
  3 bushes (D:8)
  12 fungi
  44 plants
60 creatures vanquished.

Grand Total: 708 creatures vanquished

Notes
Turn   | Place    | Note
-------+----------+-------------------------------------------
     0 | D:1      | qw the Troll Cinder Acolyte began the quest for the Orb.
     0 | D:1      | Reached XP level 1. HP: 22/22 MP: 1/1
     0 | D:1      | 0 ||| qw: Version: 0.1-a-97-g2dd2ca4
     0 | D:1      | 0 ||| qw: Game counter: 4755
     0 | D:1      | 0 ||| qw: Always use a shield: true
     0 | D:1      | 0 ||| qw: God list: Okawaru
     0 | D:1      | 0 ||| qw: Allow faded altars: false
     0 | D:1      | 0 ||| qw: Do Orc after D:15 true
     0 | D:1      | 0 ||| qw: Do second Lair branch before Depths: true
     0 | D:1      | 0 ||| qw: Lair rune preference: random
     0 | D:1      | 0 ||| qw: Plans: Normal
     0 | D:1      | 0 ||| PLANNING D:1-11
   133 | D:1      | 133 ||| Stepping ~*~*~tactically~*~*~ (stealth).
   137 | D:1      | Reached XP level 2. HP: 26/29 MP: 2/2
   154 | D:1      | 154 ||| Stepping ~*~*~tactically~*~*~ (hiding).
   277 | D:1      | 277 ||| Stepping ~*~*~tactically~*~*~ (stealth).
   401 | D:1      | Reached skill level 4 in Unarmed Combat
   431 | D:1      | 431 ||| Stepping ~*~*~tactically~*~*~ (outnumbered).
   432 | D:1      | 432 ||| Stepping ~*~*~tactically~*~*~ (outnumbered).
   433 | D:1      | 433 ||| Stepping ~*~*~tactically~*~*~ (outnumbered).
   434 | D:1      | 434 ||| Stepping ~*~*~tactically~*~*~ (outnumbered).
   435 | D:1      | 435 ||| Stepping ~*~*~tactically~*~*~ (outnumbered).
   436 | D:1      | 436 ||| Stepping ~*~*~tactically~*~*~ (outnumbered).
   437 | D:1      | 437 ||| Stepping ~*~*~tactically~*~*~ (outnumbered).
   438 | D:1      | 438 ||| Stepping ~*~*~tactically~*~*~ (outnumbered).
   439 | D:1      | 439 ||| Stepping ~*~*~tactically~*~*~ (outnumbered).
   591 | D:1      | Reached XP level 3. HP: 36/36 MP: 3/3
   680 | D:1      | 680 ||| UPGRADING to +6 ring of strength.
   681 | D:1      | 681 ||| READING 3 scrolls labelled CENIYKE OGGE.
   682 | D:1      | 682 ||| READING scroll labelled MUSETA HEVVA.
   701 | D:1      | 701 ||| READING 2 scrolls labelled QOOMEUB MOQAQOGA.
   702 | D:1      | 702 ||| READING scroll labelled LUCADA PANLIYR.
   703 | D:1      | 703 ||| DRINKING 2 smoky black potions.
   704 | D:1      | 704 ||| DROPPING potion of degeneration.
   705 | D:1      | 705 ||| DROPPING scroll of vulnerability.
   732 | D:2      | Found a faded altar of an unknown god.
   740 | D:2      | 740 ||| Stepping ~*~*~tactically~*~*~ (stealth).
   765 | D:2      | 765 ||| Stepping ~*~*~tactically~*~*~ (outnumbered).
   766 | D:2      | 766 ||| Stepping ~*~*~tactically~*~*~ (outnumbered).
   767 | D:2      | 767 ||| Stepping ~*~*~tactically~*~*~ (outnumbered).
   769 | D:2      | 769 ||| Stepping ~*~*~tactically~*~*~ (outnumbered).
   777 | D:2      | 777 ||| INVOKING Fiery Armour.
   879 | D:2      | Reached skill level 5 in Unarmed Combat
   879 | D:2      | Reached XP level 4. HP: 44/44 MP: 4/4
  1026 | D:2      | 1026 ||| Stepping ~*~*~tactically~*~*~ (stealth).
  1632 | D:2      | 1632 ||| READING 2 scrolls labelled ASAURPH JIXTOARGH.
  1633 | D:2      | 1633 ||| READING scroll labelled MOUCUI NIZASU.
  1634 | D:2      | 1634 ||| READING 3 scrolls labelled BUCUBBE TUFOUF.
  1635 | D:2      | 1635 ||| READING scroll labelled ECARHA FUBUNG.
  1636 | D:2      | 1636 ||| READING scroll labelled BUUTUD IFEUF.
  1637 | D:2      | 1637 ||| READING scroll labelled XIQIGH CIEDIAF PAA.
  1638 | D:2      | 1638 ||| DRINKING 2 black potions.
  1639 | D:2      | 1639 ||| DRINKING 3 fuming amethyst potions.
  1640 | D:2      | 1640 ||| DRINKING 2 golden potions.
  1641 | D:2      | 1641 ||| DROPPING potion of flight.
  1642 | D:2      | 1642 ||| DROPPING 2 scrolls of magic mapping.
  1643 | D:2      | 1643 ||| Stepping randomly (stuck).
  1644 | D:2      | 1644 ||| Stepping randomly (stuck).
  1718 | D:3      | 1718 ||| Stepping ~*~*~tactically~*~*~ (hiding).
  1720 | D:3      | 1720 ||| Stepping ~*~*~tactically~*~*~ (hiding).
  1723 | D:3      | 1723 ||| INVOKING Fiery Armour.
  1732 | D:3      | Reached XP level 5. HP: 42/50 MP: 5/5
  1763 | D:3      | You fall into a shaft and drop 2 floors!
  1763 | D:5      | Entered Level 5 of the Dungeon
  1860 | D:4      | Found Yzoiplaj's Armour Shoppe.
  1882 | D:4      | 1882 ||| READING scroll labelled LUYVIW NIWIR.
  1885 | D:4      | 1885 ||| READING 2 scrolls of identify.
  1885 | D:4      | 1885 ||| IDENTIFYING bubbling puce potion
  1929 | D:4      | Reached skill level 6 in Unarmed Combat
  2065 | D:3      | 2065 ||| INVOKING Fiery Armour.
  2245 | D:3      | 2245 ||| Stepping ~*~*~tactically~*~*~ (hiding).
  2362 | D:3      | 2362 ||| Stepping ~*~*~tactically~*~*~ (hiding).
  2363 | D:3      | 2363 ||| Stepping ~*~*~tactically~*~*~ (hiding).
  2364 | D:3      | 2364 ||| Stepping ~*~*~tactically~*~*~ (hiding).
  2365 | D:3      | 2365 ||| Stepping ~*~*~tactically~*~*~ (hiding).
  2367 | D:3      | 2367 ||| Stepping ~*~*~tactically~*~*~ (hiding).
  2368 | D:3      | 2368 ||| Stepping ~*~*~tactically~*~*~ (hiding).
  2369 | D:3      | 2369 ||| Stepping ~*~*~tactically~*~*~ (hiding).
  2370 | D:3      | 2370 ||| Stepping ~*~*~tactically~*~*~ (hiding).
  2371 | D:3      | 2371 ||| Stepping ~*~*~tactically~*~*~ (hiding).
  2373 | D:3      | 2373 ||| Stepping ~*~*~tactically~*~*~ (hiding).
  2375 | D:3      | 2375 ||| Stepping ~*~*~tactically~*~*~ (hiding).
  2377 | D:3      | 2377 ||| Stepping ~*~*~tactically~*~*~ (hiding).
  2409 | D:3      | 2409 ||| Stepping ~*~*~tactically~*~*~ (stealth).
  2501 | D:3      | 2501 ||| INVOKING Fiery Armour.
  2512 | D:3      | Reached XP level 6. HP: 59/59 MP: 6/6
  2766 | D:3      | Noticed Robin
  2767 | D:3      | 2767 ||| Stepping ~*~*~tactically~*~*~ (stealth).
  2769 | D:3      | 2769 ||| Stepping ~*~*~tactically~*~*~ (stealth).
  2771 | D:3      | 2771 ||| Stepping ~*~*~tactically~*~*~ (stealth).
  2773 | D:3      | 2773 ||| Stepping ~*~*~tactically~*~*~ (hiding).
  2779 | D:3      | Killed Robin
  2824 | D:3      | 2824 ||| DRINKING 3 glowing purple potions.
  2825 | D:3      | 2825 ||| READING 2 scrolls of identify.
  2825 | D:3      | 2825 ||| IDENTIFYING orange potion
  2826 | D:3      | 2826 ||| DROPPING potion of brilliance.
  2905 | D:4      | Found Niacw's Weapon Emporium.
  2906 | D:4      | Found Hywnaf's Antique Armour Boutique.
  2908 | D:4      | Found Ihaut's Jewellery Shop.
  2926 | D:4      | 2926 ||| SHOPLISTING +4 ring of evasion (432 gold, have
                  | 217).
  2926 | D:4      | 2926 ||| SHOPLISTING +4 ring of slaying (936 gold, have
                  | 217).
  2926 | D:4      | 2926 ||| SHOPLISTING amulet of guardian spirit (360 gold,
                  | have 217).
  2926 | D:4      | 2926 ||| SHOPLISTING ring "Meimissuaje" {rC+ Str+2 Int-5
                  | SInv} (358 gold, have 217).
  2926 | D:4      | 2926 ||| SHOPLISTING ring of protection from cold (300
                  | gold, have 217).
  2926 | D:4      | 2926 ||| SHOPLISTING ring of willpower (300 gold, have
                  | 217).
  2949 | D:4      | Reached skill level 7 in Unarmed Combat
  3134 | D:4      | 3134 ||| Stepping ~*~*~tactically~*~*~ (hiding).
  3136 | D:4      | 3136 ||| Stepping ~*~*~tactically~*~*~ (hiding).
  3257 | D:4      | 3257 ||| Stepping ~*~*~tactically~*~*~ (hiding).
  3305 | D:4      | Found a staircase to the Ecumenical Temple.
  3330 | D:4      | 3330 ||| Stepping ~*~*~tactically~*~*~ (stealth).
  3335 | D:4      | 3335 ||| INVOKING Fiery Armour.
  3385 | D:4      | Found Qaux's Distillery.
  3393 | D:4      | 3393 ||| BUYING 2 potions of heal wounds (130 gold).
  3393 | D:4      | Bought 2 potions of heal wounds for 130 gold pieces
  3393 | D:4      | 3393 ||| BUYING potion of cancellation (104 gold).
  3393 | D:4      | Bought a potion of cancellation for 104 gold pieces
  3393 | D:4      | 3393 ||| SHOPLISTING potion of curing (39 gold, have 18).
  3393 | D:4      | 3393 ||| SHOPLISTING potion of heal wounds (65 gold, have
                  | 18).
  3663 | D:4      | 3663 ||| UPGRADING to +1 cloak.
  3668 | D:4      | 3668 ||| READING 2 scrolls of enchant armour.
  3668 | D:4      | 3668 ||| ENCHANTING +1 cloak.
  3716 | D:5      | 3716 ||| FLEEEEING.
  3721 | D:5      | 3721 ||| Stepping ~*~*~tactically~*~*~ (stealth).
  3733 | D:5      | Reached skill level 8 in Unarmed Combat
  3753 | D:5      | Reached skill level 3 in Fighting
  3753 | D:5      | Reached XP level 7. HP: 62/67 MP: 7/7
  3965 | D:5      | 3965 ||| Stepping ~*~*~tactically~*~*~ (stealth).
  4082 | D:5      | Reached skill level 9 in Unarmed Combat
  4238 | D:5      | Reached skill level 1 in Dodging
  4260 | D:5      | Reached XP level 8. HP: 75/75 MP: 8/8
  4421 | D:5      | 4421 ||| READING scroll labelled ZONLUA OSENU.
  4422 | D:5      | 4422 ||| READING 3 scrolls of identify.
  4422 | D:5      | 4422 ||| IDENTIFYING brown potion
  4423 | D:5      | 4423 ||| READING 2 scrolls of identify.
  4423 | D:5      | 4423 ||| IDENTIFYING fizzy brown potion
  4424 | D:5      | 4424 ||| DROPPING potion of invisibility.
  4425 | D:5      | 4425 ||| DROPPING potion of lignification.
  4546 | D:6      | Identified the +4 sling "Awkira Hutz" {speed, rF+ Int+3}
  4587 | D:6      | 4587 ||| Stepping ~*~*~tactically~*~*~ (outnumbered).
  4588 | D:6      | 4588 ||| Stepping ~*~*~tactically~*~*~ (outnumbered).
  4589 | D:6      | 4589 ||| Stepping ~*~*~tactically~*~*~ (outnumbered).
  4631 | D:6      | Reached skill level 10 in Unarmed Combat
  4708 | D:6      | Identified the +2 falchion of Growth {freeze, rElec rF-
                  | Str+8 SInv}
  4720 | D:6      | 4720 ||| INVOKING Fiery Armour.
  5059 | D:6      | 5059 ||| Stepping ~*~*~tactically~*~*~ (outnumbered).
  5060 | D:6      | 5060 ||| Stepping ~*~*~tactically~*~*~ (outnumbered).
  5061 | D:6      | 5061 ||| Stepping ~*~*~tactically~*~*~ (outnumbered).
  5062 | D:6      | 5062 ||| Stepping ~*~*~tactically~*~*~ (outnumbered).
  5064 | D:6      | 5064 ||| Stepping ~*~*~tactically~*~*~ (outnumbered).
  5070 | D:6      | 5070 ||| Stepping ~*~*~tactically~*~*~ (outnumbered).
  5071 | D:6      | 5071 ||| Stepping ~*~*~tactically~*~*~ (outnumbered).
  5072 | D:6      | 5072 ||| Stepping ~*~*~tactically~*~*~ (outnumbered).
  5073 | D:6      | 5073 ||| Stepping ~*~*~tactically~*~*~ (outnumbered).
  5074 | D:6      | 5074 ||| Stepping ~*~*~tactically~*~*~ (outnumbered).
  5075 | D:6      | 5075 ||| Stepping ~*~*~tactically~*~*~ (outnumbered).
  5076 | D:6      | 5076 ||| Stepping ~*~*~tactically~*~*~ (outnumbered).
  5077 | D:6      | 5077 ||| Stepping ~*~*~tactically~*~*~ (outnumbered).
  5108 | D:6      | 5108 ||| Stepping ~*~*~tactically~*~*~ (stealth).
  5127 | D:6      | 5127 ||| INVOKING Fiery Armour.
  5132 | D:6      | Reached skill level 11 in Unarmed Combat
  5133 | D:6      | HP: 19/78 [poisoned by a killer bee]
  5138 | D:6      | HP: 18/78 [poisoned by a killer bee]
  5359 | D:6      | 5359 ||| UPGRADING to +0 steam dragon scales.
  5369 | D:6      | 5369 ||| DROPPING +0 robe.
  5370 | D:6      | 5370 ||| READING scroll of enchant armour.
  5370 | D:6      | 5370 ||| ENCHANTING +0 steam dragon scales.
  5371 | D:6      | 5371 ||| READING scroll labelled KEC UHAOLOQEAXKUYB.
  5449 | D:7      | Reached skill level 1 in Armour
  5553 | D:7      | Noticed Sigmund
  5554 | D:7      | 5554 ||| Stepping ~*~*~tactically~*~*~ (hiding).
  5561 | D:7      | 5561 ||| DRINKING 2 potions of curing.
  5561 | D:7      | 5561 ||| (to cure confusion)
  5563 | D:7      | Killed Sigmund
  5564 | D:7      | Reached XP level 9. HP: 84/84 MP: 9/9
  5577 | D:7      | Noticed Edmund
  5584 | D:7      | Killed Edmund
  5652 | D:7      | Found Koyg's Book Shop.
  5795 | D:7      | Reached skill level 12 in Unarmed Combat
  5813 | D:7      | 5813 ||| UPGRADING to +1 hat of willpower.
  5818 | D:7      | 5818 ||| UPGRADING to +6 ring of dexterity.
  5819 | D:7      | 5819 ||| DROPPING ring of flight.
  5820 | D:7      | 5820 ||| DRINKING 2 ruby potions.
  5921 | D:7      | 5921 ||| DROPPING potion of ambrosia.
  6147 | D:8      | 6147 ||| Stepping ~*~*~tactically~*~*~ (stealth).
  6148 | D:8      | 6148 ||| Stepping ~*~*~tactically~*~*~ (stealth).
  6149 | D:8      | 6149 ||| Stepping ~*~*~tactically~*~*~ (stealth).
  6160 | D:8      | 6160 ||| INVOKING Fiery Armour.
  6238 | D:8      | 6238 ||| Stepping ~*~*~tactically~*~*~ (stealth).
  6248 | D:8      | 6248 ||| Stepping ~*~*~tactically~*~*~ (stealth).
  6251 | D:8      | 6251 ||| Stepping ~*~*~tactically~*~*~ (stealth).
  6327 | D:8      | Identified the ring of Iluoss {rN++ MP+9 Dex-3}
  6349 | D:8      | 6349 ||| Stepping ~*~*~tactically~*~*~ (outnumbered).
  6380 | D:8      | 6380 ||| Stepping ~*~*~tactically~*~*~ (stealth).
  6382 | D:8      | 6382 ||| Stepping ~*~*~tactically~*~*~ (stealth).
  6384 | D:8      | 6384 ||| Stepping ~*~*~tactically~*~*~ (stealth).
  6391 | D:8      | Noticed a centaur warrior
  6392 | D:8      | 6392 ||| Stepping ~*~*~tactically~*~*~ (stealth).
  6397 | D:8      | 6397 ||| Stepping ~*~*~tactically~*~*~ (stealth).
  6407 | D:8      | Killed an unseen horror
  6408 | D:8      | Reached skill level 13 in Unarmed Combat
  6408 | D:8      | Reached XP level 10. HP: 77/96 MP: 10/10
  6437 | D:8      | 6437 ||| Stepping ~*~*~tactically~*~*~ (stealth).
  6438 | D:8      | 6438 ||| Stepping ~*~*~tactically~*~*~ (stealth).
  6504 | D:8      | Found a blossoming altar of Fedhas.
  6519 | D:8      | 6519 ||| Stepping ~*~*~tactically~*~*~ (hiding).
  6630 | D:8      | 6630 ||| Stepping ~*~*~tactically~*~*~ (outnumbered).
  6631 | D:8      | 6631 ||| Stepping ~*~*~tactically~*~*~ (outnumbered).
  6632 | D:8      | 6632 ||| Stepping ~*~*~tactically~*~*~ (outnumbered).
  6720 | D:8      | Reached skill level 3 in Dodging
  6729 | D:8      | 6729 ||| Stepping ~*~*~tactically~*~*~ (outnumbered).
  6867 | D:8      | 6867 ||| Stepping ~*~*~tactically~*~*~ (stealth).
  6873 | D:8      | Killed a centaur warrior
  7129 | D:8      | 7129 ||| Stepping ~*~*~tactically~*~*~ (hiding).
  7138 | D:8      | Reached skill level 14 in Unarmed Combat
  7449 | D:8      | Noticed a seven-headed hydra
  7450 | D:8      | 7450 ||| INVOKING Fiery Armour.
  7451 | D:8      | Killed an eight-headed hydra
  7452 | D:8      | Reached skill level 6 in Fighting
  7597 | D:8      | 7597 ||| Stepping ~*~*~tactically~*~*~ (stealth).
  7817 | D:8      | 7817 ||| DROPPING orb of guile.
  7818 | D:8      | 7818 ||| DROPPING ring of willpower.
  7819 | D:8      | 7819 ||| DROPPING ring of Iluoss {rN++ MP+9 Dex-3}.
  7872 | D:9      | 7872 ||| Stepping ~*~*~tactically~*~*~ (stealth).
  8062 | D:9      | Found Unizital's Distillery.
  8065 | D:9      | 8065 ||| Stepping ~*~*~tactically~*~*~ (stealth).
  8066 | D:9      | 8066 ||| Stepping ~*~*~tactically~*~*~ (stealth).
  8067 | D:9      | 8067 ||| Stepping ~*~*~tactically~*~*~ (stealth).
  8069 | D:9      | 8069 ||| Stepping ~*~*~tactically~*~*~ (stealth).
  8071 | D:9      | 8071 ||| Stepping ~*~*~tactically~*~*~ (stealth).
  8074 | D:9      | 8074 ||| Stepping ~*~*~tactically~*~*~ (outnumbered).
  8075 | D:9      | 8075 ||| Stepping ~*~*~tactically~*~*~ (outnumbered).
  8088 | D:9      | 8088 ||| BUYING potion of curing (36 gold).
  8088 | D:9      | Bought a potion of curing for 36 gold pieces
  8088 | D:9      | 8088 ||| BUYING potion of heal wounds (60 gold).
  8088 | D:9      | Bought a potion of heal wounds for 60 gold pieces
  8088 | D:9      | 8088 ||| BUYING potion of heal wounds (60 gold).
  8088 | D:9      | Bought a potion of heal wounds for 60 gold pieces
  8088 | D:9      | 8088 ||| BUYING potion of heal wounds (60 gold).
  8088 | D:9      | Bought a potion of heal wounds for 60 gold pieces
  8088 | D:9      | 8088 ||| SHOPLISTING potion of heal wounds (60 gold, have
                  | 56).
  8135 | D:9      | Found a large runed translucent door.
  8136 | D:9      | Found a large runed translucent door.
  8222 | D:9      | Found a flagged portal.
  8235 | D:9      | Reached skill level 1 in Throwing
  8337 | D:9      | 8337 ||| Stepping ~*~*~tactically~*~*~ (stealth).
  8388 | D:9      | 8388 ||| Stepping ~*~*~tactically~*~*~ (stealth).
  8399 | D:9      | 8399 ||| Stepping ~*~*~tactically~*~*~ (outnumbered).
  8404 | D:9      | 8404 ||| Stepping ~*~*~tactically~*~*~ (outnumbered).
  8480 | D:9      | 8480 ||| Stepping ~*~*~tactically~*~*~ (stealth).
  8482 | D:9      | 8482 ||| Stepping ~*~*~tactically~*~*~ (hiding).
  8491 | D:9      | Reached XP level 11. HP: 105/107 MP: 11/11
  8666 | D:9      | 8666 ||| DROPPING ring of resist corrosion.
  8667 | D:9      | 8667 ||| READING scroll labelled QYUDEGRURUB.
  8668 | D:9      | 8668 ||| READING 3 scrolls of identify.
  8668 | D:9      | 8668 ||| IDENTIFYING inky potion
  8695 | D:10     | Entered Level 10 of the Dungeon
  8720 | D:10     | Noticed a green ugly thing
  8728 | D:10     | Killed a green ugly thing
  8811 | D:10     | Found a staircase to the Orcish Mines.
  8894 | D:10     | 8894 ||| Stepping ~*~*~tactically~*~*~ (stealth).
  9002 | D:10     | 9002 ||| Stepping ~*~*~tactically~*~*~ (stealth).
  9006 | D:10     | 9006 ||| Stepping ~*~*~tactically~*~*~ (stealth).
  9008 | D:10     | 9008 ||| Stepping ~*~*~tactically~*~*~ (stealth).
  9077 | D:10     | Noticed Sonja
  9078 | D:10     | 9078 ||| DRINKING 3 potions of curing.
  9078 | D:10     | 9078 ||| (to cure confusion)
  9079 | D:10     | 9079 ||| DRINKING 2 potions of curing.
  9079 | D:10     | 9079 ||| (to cure confusion)
  9080 | D:10     | 9080 ||| INVOKING Fiery Armour.
  9082 | D:10     | Killed Sonja
  9083 | D:10     | Reached skill level 15 in Unarmed Combat
  9202 | D:10     | Noticed a two-headed ogre
  9205 | D:10     | Killed a two-headed ogre
  9206 | D:10     | Reached skill level 3 in Throwing
  9347 | D:10     | Found a staircase to the Lair.
  9554 | D:10     | 9554 ||| PLANNING LAIR
  9554 | D:10     | 9554 ||| READING 4 scrolls of identify.
  9554 | D:10     | 9554 ||| IDENTIFYING purple potion
  9558 | D:10     | 9558 ||| DROPPING potion of attraction.
  9581 | Lair:1   | Entered Level 1 of the Lair of Beasts
  9582 | Lair:1   | 9582 ||| INVOKING Fiery Armour.
  9763 | Lair:1   | 9763 ||| Stepping ~*~*~tactically~*~*~ (stealth).
  9764 | Lair:1   | 9764 ||| Stepping ~*~*~tactically~*~*~ (stealth).
  9899 | Lair:1   | Reached skill level 16 in Unarmed Combat
  9899 | Lair:1   | 9899 ||| Stepping ~*~*~tactically~*~*~ (outnumbered).
  9900 | Lair:1   | 9900 ||| Stepping ~*~*~tactically~*~*~ (outnumbered).
 10145 | Lair:1   | 10145 ||| INVOKING Fiery Armour.
 10221 | Lair:1   | You fall into a shaft and drop 1 floor!
 10362 | Lair:2   | 10362 ||| Stepping ~*~*~tactically~*~*~ (stealth).
 10364 | Lair:2   | 10364 ||| Stepping ~*~*~tactically~*~*~ (stealth).
 10369 | Lair:2   | 10369 ||| INVOKING Fiery Armour.
 10398 | Lair:2   | Found a staircase to the Snake Pit.
 10399 | Lair:2   | 10399 ||| PLANNING TEMPLE
 10613 | Temple   | Entered the Ecumenical Temple
 10614 | Temple   | 10614 ||| PLANNING CONVERSION TO OKAWARU
 10620 | Temple   | Fell from the grace of Ignis
 10620 | Temple   | Became a worshipper of Warmaster Okawaru
 10621 | Temple   | 10621 ||| PLANNING LAIR
 10856 | Lair:1   | Reached XP level 12. HP: 92/118 MP: 12/12
 11030 | Lair:1   | 11030 ||| Stepping ~*~*~tactically~*~*~ (outnumbered).
 11034 | Lair:1   | Reached skill level 17 in Unarmed Combat
 11333 | Lair:2   | Noticed a five-headed hydra
 11342 | Lair:2   | Killed a nine-headed hydra
 11342 | Lair:2   | Reached * piety under Okawaru
 11379 | Lair:2   | 11379 ||| INVOKING Heroism.
 11422 | Lair:2   | You fall into a shaft and drop 1 floor!
 11424 | Lair:3   | Reached skill level 1 in Invocations
 11455 | Lair:3   | Found an opulent altar of Gozag.
 11520 | Lair:3   | 11520 ||| INVOKING Heroism.
 11556 | Lair:3   | Found a frozen archway.
 11579 | Lair:3   | 11579 ||| Stepping ~*~*~tactically~*~*~ (stealth).
 11641 | Lair:3   | 11641 ||| Stepping ~*~*~tactically~*~*~ (stealth).
 11642 | Lair:3   | 11642 ||| Stepping ~*~*~tactically~*~*~ (stealth).
 11679 | Lair:3   | 11679 ||| UPGRADING to amulet of regeneration.
 11694 | Lair:3   | Reached ** piety under Okawaru
 11953 | Lair:2   | 11953 ||| Stepping ~*~*~tactically~*~*~ (outnumbered).
 11959 | Lair:2   | Reached skill level 3 in Invocations
 12034 | Lair:2   | 12034 ||| INVOKING Heroism.
 12226 | Lair:2   | 12226 ||| READING scroll labelled BEUTHR BOROEC.
 12227 | Lair:2   | 12227 ||| READING 4 scrolls of identify.
 12227 | Lair:2   | 12227 ||| IDENTIFYING lumpy orange potion
 12266 | Lair:3   | 12266 ||| Stepping ~*~*~tactically~*~*~ (stealth).
 12268 | Lair:3   | 12268 ||| Stepping ~*~*~tactically~*~*~ (stealth).
 12271 | Lair:3   | 12271 ||| Stepping ~*~*~tactically~*~*~ (stealth).
 12273 | Lair:3   | 12273 ||| INVOKING Heroism.
 12275 | Lair:3   | 12275 ||| Stepping ~*~*~tactically~*~*~ (outnumbered).
 12288 | Lair:3   | 12288 ||| Stepping ~*~*~tactically~*~*~ (stealth).
 12293 | Lair:3   | 12293 ||| Stepping ~*~*~tactically~*~*~ (stealth).
 12297 | Lair:3   | 12297 ||| Stepping ~*~*~tactically~*~*~ (hiding).
 12384 | Lair:3   | Found a staircase to the Swamp.
 12452 | Lair:3   | 12452 ||| INVOKING Heroism.
 12480 | Lair:3   | 12480 ||| Stepping ~*~*~tactically~*~*~ (stealth).
 12488 | Lair:3   | 12488 ||| Stepping ~*~*~tactically~*~*~ (outnumbered).
 12489 | Lair:3   | 12489 ||| Stepping ~*~*~tactically~*~*~ (outnumbered).
 12490 | Lair:3   | 12490 ||| Stepping ~*~*~tactically~*~*~ (outnumbered).
 12491 | Lair:3   | 12491 ||| Stepping ~*~*~tactically~*~*~ (outnumbered).
 12494 | Lair:3   | 12494 ||| Stepping ~*~*~tactically~*~*~ (outnumbered).
 12495 | Lair:3   | 12495 ||| Stepping ~*~*~tactically~*~*~ (outnumbered).
 12497 | Lair:3   | 12497 ||| Stepping ~*~*~tactically~*~*~ (outnumbered).
 12498 | Lair:3   | 12498 ||| Stepping ~*~*~tactically~*~*~ (outnumbered).
 12499 | Lair:3   | 12499 ||| Stepping ~*~*~tactically~*~*~ (outnumbered).
 12500 | Lair:3   | 12500 ||| Stepping ~*~*~tactically~*~*~ (outnumbered).
 12608 | Lair:3   | Found a runed translucent gate.
 12608 | Lair:3   | Found a runed translucent gate.
 12608 | Lair:3   | Found a runed translucent gate.
 12611 | Lair:3   | Noticed qw's ghost (journeyman TrCA)
 12702 | Lair:3   | Noticed a fire dragon
 12703 | Lair:3   | 12703 ||| INVOKING Heroism.
 12710 | Lair:3   | Killed a fire dragon
 12752 | Lair:3   | 12752 ||| Stepping ~*~*~tactically~*~*~ (stealth).
 12754 | Lair:3   | 12754 ||| INVOKING Heroism.
 12761 | Lair:3   | 12761 ||| Stepping ~*~*~tactically~*~*~ (outnumbered).
 12762 | Lair:3   | 12762 ||| Stepping ~*~*~tactically~*~*~ (stealth).
 12764 | Lair:3   | 12764 ||| Stepping ~*~*~tactically~*~*~ (outnumbered).
 12765 | Lair:3   | 12765 ||| Stepping ~*~*~tactically~*~*~ (outnumbered).
 12766 | Lair:3   | 12766 ||| Stepping ~*~*~tactically~*~*~ (stealth).
 12767 | Lair:3   | 12767 ||| Stepping ~*~*~tactically~*~*~ (stealth).
 12768 | Lair:3   | 12768 ||| Stepping ~*~*~tactically~*~*~ (outnumbered).
 12769 | Lair:3   | 12769 ||| Stepping ~*~*~tactically~*~*~ (outnumbered).
 12770 | Lair:3   | 12770 ||| Stepping ~*~*~tactically~*~*~ (outnumbered).
 12773 | Lair:3   | 12773 ||| INVOKING Heroism.
 12774 | Lair:3   | 12774 ||| Stepping ~*~*~tactically~*~*~ (outnumbered).
 12778 | Lair:3   | Reached *** piety under Okawaru
 12785 | Lair:3   | Reached skill level 18 in Unarmed Combat
 13145 | Lair:3   | Was forgiven by Ignis
 13352 | Lair:3   | 13352 ||| READING 3 scrolls of teleportation.
 13491 | Lair:4   | 13491 ||| FLEEEEING.
 13492 | Lair:4   | 13492 ||| STAIRDANCE
 13626 | Lair:4   | 13626 ||| STAIRDANCE
 13631 | Lair:3   | Received a gift from Okawaru
 13656 | Lair:4   | 13656 ||| STAIRDANCE
 13811 | Lair:4   | 13811 ||| INVOKING Heroism.
 13847 | Lair:4   | 13847 ||| INVOKING Heroism.
 13965 | Lair:4   | 13965 ||| INVOKING Heroism.
 14070 | Lair:4   | 14070 ||| Stepping ~*~*~tactically~*~*~ (stealth).
 14077 | Lair:4   | 14077 ||| Stepping ~*~*~tactically~*~*~ (stealth).
 14083 | Lair:4   | 14083 ||| INVOKING Heroism.
 14086 | Lair:4   | 14086 ||| Stepping ~*~*~tactically~*~*~ (outnumbered).
 14087 | Lair:4   | 14087 ||| Stepping ~*~*~tactically~*~*~ (outnumbered).
 14088 | Lair:4   | 14088 ||| Stepping ~*~*~tactically~*~*~ (outnumbered).
 14093 | Lair:4   | 14093 ||| Stepping ~*~*~tactically~*~*~ (outnumbered).
 14094 | Lair:4   | 14094 ||| Stepping ~*~*~tactically~*~*~ (outnumbered).
 14095 | Lair:4   | 14095 ||| Stepping ~*~*~tactically~*~*~ (outnumbered).
 14097 | Lair:4   | Reached skill level 3 in Armour
 14100 | Lair:4   | 14100 ||| Stepping ~*~*~tactically~*~*~ (outnumbered).
 14108 | Lair:4   | 14108 ||| INVOKING Heroism.
 14177 | Lair:4   | Found a staircase to the Slime Pits.
 14178 | Lair:4   | Found a viscous altar of Jiyva.
 14190 | Lair:4   | Reached XP level 13. HP: 120/127 MP: 15/15
 14208 | Lair:4   | 14208 ||| INVOKING Heroism.
 14217 | Lair:4   | Reached **** piety under Okawaru
 14222 | Lair:4   | 14222 ||| Stepping ~*~*~tactically~*~*~ (outnumbered).
 14223 | Lair:4   | 14223 ||| Stepping ~*~*~tactically~*~*~ (outnumbered).
 14224 | Lair:4   | 14224 ||| Stepping ~*~*~tactically~*~*~ (outnumbered).
 14225 | Lair:4   | 14225 ||| Stepping ~*~*~tactically~*~*~ (outnumbered).
 14226 | Lair:4   | 14226 ||| Stepping ~*~*~tactically~*~*~ (outnumbered).
 14241 | Lair:4   | 14241 ||| Stepping ~*~*~tactically~*~*~ (stealth).
 14242 | Lair:4   | 14242 ||| Stepping ~*~*~tactically~*~*~ (stealth).
 14517 | Lair:4   | 14517 ||| READING 5 scrolls of identify.
 14517 | Lair:4   | 14517 ||| IDENTIFYING puce potion
 14518 | Lair:4   | 14518 ||| DROPPING potion of berserk rage.
 14545 | Lair:5   | Entered Level 5 of the Lair of Beasts
 14546 | Lair:5   | 14546 ||| INVOKING Heroism.
 14618 | Lair:5   | 14618 ||| INVOKING Heroism.
 14671 | Lair:5   | 14671 ||| INVOKING Heroism.
 14703 | Lair:5   | 14703 ||| Stepping ~*~*~tactically~*~*~ (hiding).
 14805 | Lair:5   | 14805 ||| Stepping ~*~*~tactically~*~*~ (hiding).
 14925 | Lair:5   | 14925 ||| Stepping ~*~*~tactically~*~*~ (stealth).
 14926 | Lair:5   | 14926 ||| Stepping ~*~*~tactically~*~*~ (stealth).
 14941 | Lair:5   | 14941 ||| Stepping ~*~*~tactically~*~*~ (stealth).
 14951 | Lair:5   | 14951 ||| READING scroll of enchant armour.
 14951 | Lair:5   | 14951 ||| ENCHANTING +1 steam dragon scales.
 14956 | Lair:5   | 14956 ||| INVOKING Heroism.
 14982 | Lair:5   | 14982 ||| Stepping ~*~*~tactically~*~*~ (stealth).
 14986 | Lair:5   | 14986 ||| INVOKING Heroism.
 14999 | Lair:5   | 14999 ||| Stepping ~*~*~tactically~*~*~ (outnumbered).
 15028 | Lair:5   | 15028 ||| Stepping ~*~*~tactically~*~*~ (outnumbered).
 15030 | Lair:5   | 15030 ||| INVOKING Heroism.
 15041 | Lair:5   | 15041 ||| Stepping ~*~*~tactically~*~*~ (outnumbered).
 15073 | Lair:5   | 15073 ||| FLEEEEING.
 15099 | Lair:5   | 15099 ||| Stepping ~*~*~tactically~*~*~ (stealth).
 15101 | Lair:5   | 15101 ||| INVOKING Heroism.
 15102 | Lair:5   | 15102 ||| Stepping ~*~*~tactically~*~*~ (stealth).
 15137 | Lair:5   | 15137 ||| READING scroll of enchant armour.
 15137 | Lair:5   | 15137 ||| ENCHANTING +2 steam dragon scales.
 15152 | Lair:5   | 15152 ||| Stepping ~*~*~tactically~*~*~ (stealth).
 15154 | Lair:5   | 15154 ||| INVOKING Heroism.
 15162 | Lair:5   | Reached skill level 6 in Invocations
 15163 | Lair:5   | 15163 ||| Stepping ~*~*~tactically~*~*~ (stealth).
 15175 | Lair:5   | 15175 ||| Stepping ~*~*~tactically~*~*~ (stealth).
 15181 | Lair:5   | Reached ***** piety under Okawaru
 15214 | Lair:5   | 15214 ||| Stepping ~*~*~tactically~*~*~ (stealth).
 15245 | Lair:5   | 15245 ||| INVOKING Heroism.
 15251 | Lair:5   | 15251 ||| INVOKING Finesse.
 15257 | Lair:5   | Reached skill level 19 in Unarmed Combat
 15316 | Lair:5   | 15316 ||| Stepping ~*~*~tactically~*~*~ (stealth).
 15388 | Lair:5   | Identified the +5 mace of the Rattlesnake {flame, +Blink
                  | Str+4 Int+4}
 15517 | Lair:5   | 15517 ||| INVOKING Heroism.
 15518 | Lair:5   | 15518 ||| INVOKING Finesse.
 15570 | Lair:5   | 15570 ||| INVOKING Heroism.
 15663 | Lair:5   | 15663 ||| Stepping ~*~*~tactically~*~*~ (stealth).
 15668 | Lair:5   | 15668 ||| INVOKING Heroism.
 15764 | Lair:5   | 15764 ||| Stepping ~*~*~tactically~*~*~ (stealth).
 15767 | Lair:5   | 15767 ||| Stepping ~*~*~tactically~*~*~ (stealth).
 15788 | Lair:5   | 15788 ||| INVOKING Heroism.
 15923 | Lair:5   | 15923 ||| INVOKING Heroism.
 15934 | Lair:5   | 15934 ||| Stepping ~*~*~tactically~*~*~ (outnumbered).
 15953 | Lair:5   | 15953 ||| READING scroll of enchant armour.
 15953 | Lair:5   | 15953 ||| ENCHANTING +3 steam dragon scales.
 16193 | Lair:5   | 16193 ||| PLANNING D:1-11
 16193 | Lair:5   | 16193 ||| DROPPING orb of guile.
 16351 | D:11     | Identified the ring of Ulluamn {Fly rPois rN+ rCorr}
 16383 | D:11     | Identified the +3 robe of the Desolation of Salt {Regen+
                  | Archmagi} (Okawaru gifted it to you on level 11 of the
                  | Dungeon)
 16383 | D:11     | Received a gift from Okawaru
 16459 | D:11     | 16459 ||| INVOKING Heroism.
 16463 | D:11     | 16463 ||| Stepping ~*~*~tactically~*~*~ (outnumbered).
 16464 | D:11     | 16464 ||| Stepping ~*~*~tactically~*~*~ (outnumbered).
 16465 | D:11     | 16465 ||| Stepping ~*~*~tactically~*~*~ (outnumbered).
 16466 | D:11     | 16466 ||| Stepping ~*~*~tactically~*~*~ (outnumbered).
 16467 | D:11     | 16467 ||| Stepping ~*~*~tactically~*~*~ (outnumbered).
 16468 | D:11     | 16468 ||| Stepping ~*~*~tactically~*~*~ (outnumbered).
 16469 | D:11     | 16469 ||| Stepping ~*~*~tactically~*~*~ (outnumbered).
 16470 | D:11     | 16470 ||| Stepping ~*~*~tactically~*~*~ (outnumbered).
 16471 | D:11     | 16471 ||| Stepping ~*~*~tactically~*~*~ (outnumbered).
 16472 | D:11     | 16472 ||| Stepping ~*~*~tactically~*~*~ (outnumbered).
 16473 | D:11     | 16473 ||| Stepping ~*~*~tactically~*~*~ (outnumbered).
 16474 | D:11     | 16474 ||| Stepping ~*~*~tactically~*~*~ (outnumbered).
 16522 | D:11     | Reached skill level 9 in Fighting
 16725 | D:11     | Noticed Josephine
 16730 | D:11     | 16730 ||| Stepping ~*~*~tactically~*~*~ (outnumbered).
 16731 | D:11     | 16731 ||| Stepping ~*~*~tactically~*~*~ (outnumbered).
 16734 | D:11     | Killed Josephine
 16739 | D:11     | Reached XP level 14. HP: 126/140 MP: 19/19
 16897 | D:11     | 16897 ||| Stepping ~*~*~tactically~*~*~ (hiding).
 16899 | D:11     | 16899 ||| Stepping ~*~*~tactically~*~*~ (hiding).
 16901 | D:11     | 16901 ||| Stepping ~*~*~tactically~*~*~ (hiding).
 16902 | D:11     | 16902 ||| Stepping ~*~*~tactically~*~*~ (hiding).
 16903 | D:11     | 16903 ||| Stepping ~*~*~tactically~*~*~ (hiding).
 16951 | D:11     | 16951 ||| Stepping ~*~*~tactically~*~*~ (stealth).
 17188 | D:11     | 17188 ||| PLANNING D
 17188 | D:11     | 17188 ||| DROPPING +3 robe of the Desolation of Salt
                  | {Regen+ Archmagi}.
 17189 | D:11     | 17189 ||| UPGRADING to ring of Ulluamn {Fly rPois rN+
                  | rCorr}.
 17191 | D:11     | 17191 ||| UPGRADING to +6 ring of strength.
 17236 | D:12     | Noticed Nessos
 17237 | D:12     | 17237 ||| INVOKING Finesse.
 17246 | D:12     | 17246 ||| INVOKING Heroism.
 17256 | D:12     | Killed Nessos
 17343 | D:12     | 17343 ||| Stepping ~*~*~tactically~*~*~ (stealth).
 17344 | D:12     | 17344 ||| Stepping ~*~*~tactically~*~*~ (stealth).
 17346 | D:12     | 17346 ||| INVOKING Heroism.
 17406 | D:12     | Found Hadgh's Magic Scroll Emporium.
 17418 | D:12     | Noticed Psyche
 17419 | D:12     | 17419 ||| Stepping ~*~*~tactically~*~*~ (stealth).
 17424 | D:12     | 17424 ||| Stepping ~*~*~tactically~*~*~ (stealth).
 17432 | D:12     | Killed Psyche
 17464 | D:12     | 17464 ||| BUYING scroll of brand weapon (123 gold).
 17464 | D:12     | Bought a scroll of brand weapon for 123 gold pieces
 17464 | D:12     | 17464 ||| BUYING scroll of identify (26 gold).
 17464 | D:12     | Bought a scroll of identify for 26 gold pieces
 17464 | D:12     | 17464 ||| BUYING scroll of identify (26 gold).
 17464 | D:12     | Bought a scroll of identify for 26 gold pieces
 17464 | D:12     | 17464 ||| BUYING scroll of identify (26 gold).
 17464 | D:12     | Bought a scroll of identify for 26 gold pieces
 17464 | D:12     | 17464 ||| BUYING scroll of teleportation (39 gold).
 17464 | D:12     | Bought a scroll of teleportation for 39 gold pieces
 17527 | D:12     | 17527 ||| Stepping ~*~*~tactically~*~*~ (outnumbered).
 17528 | D:12     | 17528 ||| Stepping ~*~*~tactically~*~*~ (outnumbered).
 17530 | D:12     | 17530 ||| INVOKING Heroism.
 17531 | D:12     | 17531 ||| Stepping ~*~*~tactically~*~*~ (outnumbered).
 17532 | D:12     | 17532 ||| Stepping ~*~*~tactically~*~*~ (outnumbered).
 17533 | D:12     | 17533 ||| Stepping ~*~*~tactically~*~*~ (outnumbered).
 17534 | D:12     | 17534 ||| Stepping ~*~*~tactically~*~*~ (outnumbered).
 17535 | D:12     | 17535 ||| Stepping ~*~*~tactically~*~*~ (outnumbered).
 17538 | D:12     | 17538 ||| Stepping ~*~*~tactically~*~*~ (outnumbered).
 17539 | D:12     | 17539 ||| Stepping ~*~*~tactically~*~*~ (outnumbered).
 17605 | D:12     | Noticed Snorg
 17606 | D:12     | 17606 ||| Stepping ~*~*~tactically~*~*~ (stealth).
 17610 | D:12     | 17610 ||| INVOKING Heroism.
 17611 | D:12     | 17611 ||| INVOKING Finesse.
 17623 | D:12     | Killed Snorg
 17723 | D:12     | 17723 ||| Stepping ~*~*~tactically~*~*~ (hiding).
 17937 | D:12     | Noticed Erolcha
 17938 | D:12     | 17938 ||| INVOKING Heroism.
 17941 | D:12     | Killed Erolcha
 17942 | D:12     | Reached skill level 9 in Invocations
 18121 | D:13     | 18121 ||| PLANNING GAUNTLET
 18124 | D:13     | 18124 ||| STAIRDANCE
 18132 | D:13     | 18132 ||| STAIRDANCE
 18141 | D:13     | 18141 ||| STAIRDANCE
 18143 | D:12     | 18143 ||| INVOKING Heroism.
 18161 | D:13     | 18161 ||| STAIRDANCE
 18163 | D:12     | 18163 ||| Stepping ~*~*~tactically~*~*~ (outnumbered).
 18167 | D:12     | 18167 ||| Stepping ~*~*~tactically~*~*~ (outnumbered).
 18168 | D:12     | 18168 ||| Stepping ~*~*~tactically~*~*~ (outnumbered).
 18169 | D:12     | 18169 ||| INVOKING Heroism.
 18170 | D:12     | 18170 ||| Stepping ~*~*~tactically~*~*~ (outnumbered).
 18185 | D:12     | 18185 ||| READING scroll of enchant armour.
 18185 | D:12     | 18185 ||| ENCHANTING +4 steam dragon scales.
 18191 | D:13     | 18191 ||| STAIRDANCE
 18194 | D:12     | 18194 ||| INVOKING Heroism.
 18238 | D:13     | 18238 ||| INVOKING Heroism.
 18259 | D:13     | 18259 ||| INVOKING Heroism.
 18436 | D:13     | 18436 ||| Stepping ~*~*~tactically~*~*~ (hiding).
 18437 | D:13     | 18437 ||| Stepping ~*~*~tactically~*~*~ (hiding).
 18438 | D:13     | 18438 ||| Stepping ~*~*~tactically~*~*~ (hiding).
 18441 | D:13     | 18441 ||| Stepping ~*~*~tactically~*~*~ (hiding).
 18592 | D:13     | 18592 ||| RIP GAUNTLET
 18626 | D:13     | 18626 ||| PLANNING D
 18895 | D:14     | 18895 ||| Stepping ~*~*~tactically~*~*~ (stealth).
 18897 | D:14     | 18897 ||| Stepping ~*~*~tactically~*~*~ (stealth).
 18905 | D:14     | 18905 ||| Stepping ~*~*~tactically~*~*~ (outnumbered).
 18993 | D:14     | 18993 ||| Stepping ~*~*~tactically~*~*~ (hiding).
 19024 | D:14     | Identified the +5 whip "Yghemaatz" {vamp, rElec rN+++ SInv
                  | Stlth-}
 19085 | D:14     | 19085 ||| INVOKING Heroism.
 19088 | D:14     | 19088 ||| Stepping ~*~*~tactically~*~*~ (stealth).
 19102 | D:14     | Reached skill level 6 in Throwing
 19144 | D:14     | 19144 ||| Stepping ~*~*~tactically~*~*~ (hiding).
 19151 | D:14     | Received a gift from Okawaru
 19304 | D:14     | Noticed Jorgrun
 19305 | D:14     | 19305 ||| INVOKING Heroism.
 19306 | D:14     | 19306 ||| INVOKING Finesse.
 19316 | D:14     | Killed Jorgrun
 19375 | D:14     | 19375 ||| FLEEEEING.
 19376 | D:14     | 19376 ||| FLEEEEING.
 19377 | D:14     | 19377 ||| FLEEEEING.
 19378 | D:14     | 19378 ||| FLEEEEING.
 19379 | D:14     | 19379 ||| FLEEEEING.
 19380 | D:14     | 19380 ||| FLEEEEING.
 19381 | D:14     | 19381 ||| FLEEEEING.
 19382 | D:14     | 19382 ||| FLEEEEING.
 19389 | D:14     | 19389 ||| FLEEEEING.
 19391 | D:14     | 19391 ||| FLEEEEING.
 19392 | D:14     | 19392 ||| FLEEEEING.
 19393 | D:14     | 19393 ||| FLEEEEING.
 19394 | D:14     | 19394 ||| FLEEEEING.
 19395 | D:14     | 19395 ||| FLEEEEING.
 19396 | D:14     | 19396 ||| FLEEEEING.
 19410 | D:14     | 19410 ||| INVOKING Heroism.
 19418 | D:14     | Identified the +1 kite shield "Ageeluod" {rElec MP-9 Str+4
                  | SInv} (Okawaru gifted it to you on level 14 of the Dungeon)
 19418 | D:14     | Received a gift from Okawaru
 19475 | D:14     | 19475 ||| INVOKING Heroism.
 19517 | D:14     | 19517 ||| Stepping ~*~*~tactically~*~*~ (stealth).
 19519 | D:14     | 19519 ||| Stepping ~*~*~tactically~*~*~ (stealth).
 19532 | D:14     | 19532 ||| FLEEEEING.
 19533 | D:14     | 19533 ||| FLEEEEING.
 19534 | D:14     | 19534 ||| FLEEEEING.
 19535 | D:14     | 19535 ||| FLEEEEING.
 19536 | D:14     | 19536 ||| FLEEEEING.
 19538 | D:14     | 19538 ||| Stepping ~*~*~tactically~*~*~ (hiding).
 19564 | D:14     | 19564 ||| Stepping ~*~*~tactically~*~*~ (stealth).
 19565 | D:14     | 19565 ||| Stepping ~*~*~tactically~*~*~ (stealth).
 19566 | D:14     | 19566 ||| INVOKING Heroism.
 19605 | D:14     | Found a gate to the Vaults.
 19608 | D:14     | 19608 ||| Stepping ~*~*~tactically~*~*~ (outnumbered).
 19609 | D:14     | 19609 ||| Stepping ~*~*~tactically~*~*~ (outnumbered).
 19682 | D:14     | 19682 ||| INVOKING Heroism.
 19683 | D:14     | 19683 ||| INVOKING Finesse.
 20145 | D:14     | 20145 ||| UPGRADING to +1 kite shield "Ageeluod" {rElec
                  | MP-9 Str+4 SInv}.
 20195 | D:15     | Entered Level 15 of the Dungeon
 20340 | D:15     | Reached skill level 1 in Shields
 20442 | D:15     | 20442 ||| FLEEEEING.
 20443 | D:15     | 20443 ||| FLEEEEING.
 20463 | D:15     | Found a staircase to the Depths.
 20463 | D:15     | Noticed a frost giant
 20465 | D:15     | 20465 ||| INVOKING Heroism.
 20466 | D:15     | 20466 ||| INVOKING Finesse.
 20469 | D:15     | Killed a frost giant
 20477 | D:15     | Reached XP level 15. HP: 107/146 MP: 5/21
 20550 | D:15     | Reached skill level 3 in Shields
 20565 | D:15     | Noticed Azrael
 20566 | D:15     | 20566 ||| INVOKING Heroism.
 20567 | D:15     | 20567 ||| INVOKING Finesse.
 20570 | D:15     | Killed Azrael
 20995 | D:15     | Noticed Agnes
 20996 | D:15     | 20996 ||| INVOKING Heroism.
 20997 | D:15     | 20997 ||| INVOKING Finesse.
 21000 | D:15     | Killed Agnes
 21114 | D:15     | 21114 ||| INVOKING Heroism.
 21115 | D:15     | 21115 ||| Stepping ~*~*~tactically~*~*~ (outnumbered).
 21116 | D:15     | 21116 ||| Stepping ~*~*~tactically~*~*~ (outnumbered).
 21118 | D:15     | 21118 ||| Stepping ~*~*~tactically~*~*~ (outnumbered).
 21119 | D:15     | 21119 ||| Stepping ~*~*~tactically~*~*~ (outnumbered).
 21120 | D:15     | 21120 ||| Stepping ~*~*~tactically~*~*~ (outnumbered).
 21121 | D:15     | 21121 ||| Stepping ~*~*~tactically~*~*~ (outnumbered).
 21122 | D:15     | 21122 ||| FLEEEEING.
 21124 | D:15     | 21124 ||| Stepping ~*~*~tactically~*~*~ (stealth).
 21196 | D:15     | 21196 ||| PLANNING ORC
 21196 | D:15     | 21196 ||| READING 12 scrolls of identify.
 21196 | D:15     | 21196 ||| IDENTIFYING lumpy clear potion
 21334 | Orc:1    | Entered Level 1 of the Orcish Mines
 21335 | Orc:1    | 21335 ||| INVOKING Heroism.
 21339 | Orc:1    | 21339 ||| INVOKING Finesse.
 21340 | Orc:1    | 21340 ||| Stepping ~*~*~tactically~*~*~ (outnumbered).
 21341 | Orc:1    | 21341 ||| Stepping ~*~*~tactically~*~*~ (outnumbered).
 21342 | Orc:1    | 21342 ||| Stepping ~*~*~tactically~*~*~ (outnumbered).
 21343 | Orc:1    | 21343 ||| Stepping ~*~*~tactically~*~*~ (outnumbered).
 21344 | Orc:1    | 21344 ||| Stepping ~*~*~tactically~*~*~ (outnumbered).
 21345 | Orc:1    | 21345 ||| Stepping ~*~*~tactically~*~*~ (outnumbered).
 21346 | Orc:1    | 21346 ||| Stepping ~*~*~tactically~*~*~ (outnumbered).
 21347 | Orc:1    | 21347 ||| Stepping ~*~*~tactically~*~*~ (outnumbered).
 21348 | Orc:1    | 21348 ||| Stepping ~*~*~tactically~*~*~ (outnumbered).
 21349 | Orc:1    | 21349 ||| Stepping ~*~*~tactically~*~*~ (outnumbered).
 21350 | Orc:1    | 21350 ||| Stepping ~*~*~tactically~*~*~ (outnumbered).
 21351 | Orc:1    | 21351 ||| Stepping ~*~*~tactically~*~*~ (outnumbered).
 21352 | Orc:1    | 21352 ||| Stepping ~*~*~tactically~*~*~ (hiding).
 21356 | Orc:1    | 21356 ||| Stepping ~*~*~tactically~*~*~ (outnumbered).
 21359 | Orc:1    | 21359 ||| Stepping ~*~*~tactically~*~*~ (outnumbered).
 21362 | Orc:1    | 21362 ||| Stepping ~*~*~tactically~*~*~ (outnumbered).
 21365 | Orc:1    | 21365 ||| Stepping ~*~*~tactically~*~*~ (outnumbered).
 21370 | Orc:1    | 21370 ||| Stepping ~*~*~tactically~*~*~ (outnumbered).
 21379 | Orc:1    | 21379 ||| Stepping ~*~*~tactically~*~*~ (outnumbered).
 21381 | Orc:1    | 21381 ||| Stepping ~*~*~tactically~*~*~ (outnumbered).
 21389 | Orc:1    | 21389 ||| Stepping ~*~*~tactically~*~*~ (outnumbered).
 21395 | Orc:1    | 21395 ||| Stepping ~*~*~tactically~*~*~ (outnumbered).
 21397 | Orc:1    | 21397 ||| Stepping ~*~*~tactically~*~*~ (outnumbered).
 21399 | Orc:1    | 21399 ||| Stepping ~*~*~tactically~*~*~ (outnumbered).
 21405 | Orc:1    | 21405 ||| Stepping ~*~*~tactically~*~*~ (outnumbered).
 21407 | Orc:1    | 21407 ||| INVOKING Heroism.
 21414 | Orc:1    | Reached skill level 6 in Shields
 21419 | Orc:1    | 21419 ||| Stepping ~*~*~tactically~*~*~ (outnumbered).
 21426 | Orc:1    | 21426 ||| Stepping ~*~*~tactically~*~*~ (outnumbered).
 21427 | Orc:1    | 21427 ||| Stepping ~*~*~tactically~*~*~ (outnumbered).
 21434 | Orc:1    | 21434 ||| Stepping ~*~*~tactically~*~*~ (outnumbered).
 21439 | Orc:1    | 21439 ||| Stepping ~*~*~tactically~*~*~ (outnumbered).
 21461 | Orc:1    | 21461 ||| Stepping ~*~*~tactically~*~*~ (stealth).
 21495 | Orc:1    | 21495 ||| INVOKING Heroism.
 21531 | Orc:1    | 21531 ||| Stepping ~*~*~tactically~*~*~ (outnumbered).
 21532 | Orc:1    | 21532 ||| Stepping ~*~*~tactically~*~*~ (outnumbered).
 21533 | Orc:1    | 21533 ||| INVOKING Heroism.
 21536 | Orc:1    | 21536 ||| Stepping ~*~*~tactically~*~*~ (outnumbered).
 21537 | Orc:1    | 21537 ||| Stepping ~*~*~tactically~*~*~ (outnumbered).
 21539 | Orc:1    | 21539 ||| Stepping ~*~*~tactically~*~*~ (outnumbered).
 21603 | Orc:1    | 21603 ||| INVOKING Heroism.
 21616 | Orc:1    | 21616 ||| Stepping ~*~*~tactically~*~*~ (outnumbered).
 21617 | Orc:1    | 21617 ||| Stepping ~*~*~tactically~*~*~ (outnumbered).
 21618 | Orc:1    | 21618 ||| Stepping ~*~*~tactically~*~*~ (outnumbered).
 21619 | Orc:1    | 21619 ||| Stepping ~*~*~tactically~*~*~ (outnumbered).
 21620 | Orc:1    | 21620 ||| Stepping ~*~*~tactically~*~*~ (outnumbered).
 21621 | Orc:1    | 21621 ||| Stepping ~*~*~tactically~*~*~ (outnumbered).
 21622 | Orc:1    | 21622 ||| Stepping ~*~*~tactically~*~*~ (outnumbered).
 21623 | Orc:1    | 21623 ||| Stepping ~*~*~tactically~*~*~ (outnumbered).
 21624 | Orc:1    | 21624 ||| Stepping ~*~*~tactically~*~*~ (outnumbered).
 21625 | Orc:1    | 21625 ||| Stepping ~*~*~tactically~*~*~ (outnumbered).
 21649 | Orc:1    | 21649 ||| Stepping ~*~*~tactically~*~*~ (outnumbered).
 21899 | Orc:2    | Entered Level 2 of the Orcish Mines
 21930 | Orc:2    | 21930 ||| INVOKING Heroism.
 21931 | Orc:2    | 21931 ||| STAIRDANCE
 21937 | Orc:2    | 21937 ||| STAIRDANCE
 21945 | Orc:2    | 21945 ||| STAIRDANCE
 21952 | Orc:2    | 21952 ||| STAIRDANCE
 21965 | Orc:2    | 21965 ||| INVOKING Heroism.
 21982 | Orc:2    | 21982 ||| Stepping ~*~*~tactically~*~*~ (outnumbered).
 21994 | Orc:2    | HP: 28/146 [orc/bolt (9)]
 21995 | Orc:2    | 21995 ||| READING 8 scrolls of teleportation.
 21995 | Orc:2    | Shot with a bolt by an orc knight

Levels and vault maps discovered:
D:1:      minmay_arrival_cross, layout_basic
D:2:      layout_loops_corners, shapermc_ecumenical_altar_flowoftime,
          dreamdust_wishing_well, grunt_ministairs_10
D:3:      layout_loops_ring, minmay_splitting_lines, serial_bayou_lagoon_a,
          uniq_robin
D:4:      layout_basic, minmay_temple_entry_fiery, serial_rivers,
          chequers_serial_rivers_marsh, chequers_serial_rivers_small_3,
          chequers_serial_rivers_small_3, chequers_serial_rivers_small_b,
          chequers_serial_rivers_small_b, serial_shops, shop,
          nicolae_shop_trees, nicolae_shop_advertising_works
          [nicolae_subvault_shop_adworks], shop, shop, minmay_misc_feat_roman,
          minmay_misc_feat_x
D:5:      layout_gridville, serial_undead, serial_undead_a, serial_undead_e,
          serial_undead_b, serial_undead_e
D:6:      layout_basic, palyth_stone_intersect
D:7:      layout_rooms, serial_shops, shop, sigmund_edmund_badplayer
D:8:      minmay_tri_box, layout_layer_cave, fedhas_altar_decomposition
D:9:      layout_loops_cross, jmf_multi_god_temple2, enter_bailey_7,
          wad_floor_pattern_untrapped, minmay_shop_grid_forest,
          minmay_misc_feat_cross
D:10:     layout_irregular_city, lair_entry_dummy, orc_0_dummy,
          kennysheep_opposing_triangles, uniq_sonja
D:11:     layout_irregular_city, uniq_josephine
D:12:     layout_small_grid, serial_shops, nicolae_shop_statue_plus,
          uniq_psyche, uniq_nessos, uniq_snorg, uniq_erolcha
D:13:     layout_small_grid, gauntlet_entry_generic
D:14:     layout_loops_corners, grunt_vaults_entry_fortified,
          serial_bayou_ford_a, uniq_jorgrun
D:15:     grunt_enter_depths_snipers, layout_irregular_city,
          nicolae_figureground_pulse, drop_trap, uniq_azrael, uniq_agnes
Temple:   hellmonk_temple_of_storms
Lair:1:   layout_hall_layers, dpeg_stationary_puzzle, grunt_megastairs_3,
          serial_bayou_shore_a, lemuel_fruit_fields
Lair:2:   layout_gridlike, dummy_snake_entry, grunt_megastairs_4
Lair:3:   dragon1_lemuel, layout_gridlike, swamp_mist_pool,
          gammafunk_ghost_split, basic_altar, portal_ice_cave_demonic_guard,
          lemuel_fruit_tree
Lair:4:   layout_misc_corridors, slime_entry_1, beast_lair_carwin_1,
          serial_bayou_shore_b
Lair:5:   minmay_lair_end_enchanted_forest, layout_cave_pods,
          kennysheep_basilisk_garden
Orc:1:    layout_diamond_mine, special_room [special_room_orc],
          nicolae_orc_crystal_geode
Orc:2:    st_orc_rangers, layout_caves, serial_shops, shop, minmay_orc_temple_a

Skill      XL: |  1  2  3  4  5  6  7  8  9 10 11 12 13 14 15 |
---------------+----------------------------------------------+-----
Unarmed Combat | 4 5 6 8 9 11 13 14 16 18 19 | 19.5
Fighting       | 3 4 5 6 7 8 9 |  9.0
Dodging        | 1 2 3 4 |  4.3
Armour         | 1 2 3 |  3.0
Throwing       | 1 3 8 |  8.0
Invocations    | 4 8 10 | 10.0
Shields        | 2 7 |  7.3
Spellcasting   | |  1.0
Fire Magic     | |  2.1

Action                   |  1- 3 |  4- 6 |  7- 9 | 10-12 | 13-15 || total
-------------------------+-------+-------+-------+-------+-------++-------
Melee: Unarmed           |    70 |   134 |   218 |   437 |   695 ||  1554
       Punch             |       |     2 |     9 |    38 |    49 ||    98
Throw: Boomerang         |    23 |    51 |       |    60 |    38 ||   172
       Large rock        |       |       |       |       |    44 ||    44
Invok: Fiery Armour      |     1 |     4 |     3 |     5 |       ||    13
       Heroism           |       |       |       |    13 |    43 ||    56
       Finesse           |       |       |       |       |    10 ||    10
  Use: Scroll            |     4 |    10 |     5 |     6 |     7 ||    32
       Potion            |     1 |     4 |     2 |     2 |       ||     9
 Stab: Sleeping          |       |       |       |     2 |       ||     2
       Distracted        |       |       |       |       |     1 ||     1
Armor: Robe              |    31 |    38 |    41 |       |       ||   110
       Steam dragon scal |       |       |    40 |   152 |   244 ||   436
Dodge: Dodged            |    24 |    43 |    90 |   134 |   286 ||   577
Block: Kite shield       |       |       |       |       |   125 ||   125

Table legend:
 A = Non-vault XP
 B = Vault XP
 C = Vault XP percentage of total XP
 D = Non-vault monster count
 E = Vault monster count
 F = Vault count percentage of total count
                 A         B        C        D         E       F
            +---------+---------+-------+---------+---------+-------
      Total |   76574 |   45571 |  37.3 |     459 |     175 |  27.6
            +---------+---------+-------+---------+---------+-------
        D:1 |      42 |       0 |   0.0 |      26 |       0 |   0.0
        D:2 |     109 |       2 |   1.8 |      27 |       2 |   6.9
        D:3 |     187 |      37 |  16.5 |      19 |      13 |  40.6
        D:4 |     216 |       0 |   0.0 |      22 |       0 |   0.0
        D:5 |     541 |     333 |  38.1 |       9 |       5 |  35.7
        D:6 |    1091 |       0 |   0.0 |      22 |       0 |   0.0
        D:7 |     696 |     400 |  36.5 |       9 |       2 |  18.2
        D:8 |    2732 |    3258 |  54.4 |      38 |       7 |  15.6
        D:9 |    1318 |      44 |   3.2 |      23 |       4 |  14.8
       D:10 |    2505 |    1276 |  33.7 |       8 |       5 |  38.5
       D:11 |    4487 |    1538 |  25.5 |      15 |       4 |  21.1
       D:12 |    8616 |    3272 |  27.5 |      35 |       4 |  10.3
       D:13 |    5602 |       0 |   0.0 |      15 |       0 |   0.0
       D:14 |    8495 |    8421 |  49.8 |      18 |      11 |  37.9
       D:15 |    5307 |    6273 |  54.2 |      10 |      11 |  52.4
     Lair:1 |    6386 |     208 |   3.2 |      29 |       3 |   9.4
     Lair:2 |    3019 |     935 |  23.6 |      11 |       7 |  38.9
     Lair:3 |    7332 |    1565 |  17.6 |      36 |       3 |   7.7
     Lair:4 |    3896 |    2927 |  42.9 |      16 |       7 |  30.4
     Lair:5 |    7896 |    9768 |  55.3 |      27 |      53 |  66.2
      Orc:1 |    5844 |    4305 |  42.4 |      40 |      26 |  39.4
      Orc:2 |     257 |    1009 |  79.7 |       4 |       8 |  66.7
            +---------+---------+-------+---------+---------+-------
